 Dungeon Crawl Stone Soup version 0.28.0-47-ge53b351184 (webtiles) character file.

Game seed: 4332267633489088481

156 RatsInWalls the Conjurer (level 5, 0/31 HPs)
             Began as a Kobold Conjurer on May 7, 2022.
             Was a Believer of Ashenzari.
             Slain by an iguana (12 damage)
             ... on level 4 of the Dungeon.
             The game lasted 00:08:18 (4129 turns).

RatsInWalls the Conjurer (Kobold Conjurer)          Turns: 4129, Time: 00:08:19

Health: 0/31       AC:  2    Str:  4    XL:     5   Next: 65%
Magic:  3/11       EV: 15    Int: 21    God:    Ashenzari [**....]
Gold:   123        SH:  0    Dex: 14    Spells: 10/13 levels left

rFire   + . .      SeeInvis +   h - staff of fire (curse) {Melee, Alch}
rCold   . . .      Faith    .   (shield currently unavailable)
rNeg    . . .      Spirit   .   a - +0 robe of Ashenzari's Gloom {Self, Range} (curse)
rPois   .          Reflect  .   (no helmet)
rElec   .          Harm     .   (no cloak)
rCorr   .          Rampage  .   (no gloves)
Will    .....                   (no boots)
Stlth   +++.......              (no amulet)
HPRegen 0.10/turn               (no ring)
MPRegen 0.12/turn               (no ring)

@: no status effects
A: small, no large weapons, nightstalker 3
a: Renounce Religion, Curse Item, Shatter the Chains


You were on level 4 of the Dungeon.
You worshipped Ashenzari.
Ashenzari was pleased with you.
You visited 1 branch of the dungeon, and saw 4 of its levels.

You collected 123 gold pieces.

Inventory:

Hand Weapons
 f - a +0 short sword
 l - a +2 dagger of draining
Missiles
 c - 4 curare-tipped darts
 g - 95 stones
Armour
 a - the cursed +0 robe of Ashenzari's Gloom (worn) {Self, Range}

   It has a curse which improves the following skills: Introspection: Fighting
   and Spellcasting.
   Ranged Combat: Slings, Bows, Crossbows and Throwing.
Magical Staves
 h - a cursed staff of fire (weapon) {Melee, Alch}
Scrolls
 b - 2 scrolls of teleportation
 d - 3 scrolls of identify
 j - a scroll of brand weapon
Potions
 e - a potion of invisibility
 i - a potion of haste
 k - a potion of heal wounds


   Skills:
 + Level 1.7(2.6) Fighting
 + Level 3.4 Dodging
 + Level 3.9 Stealth
 * Level 3.4(4.5) Spellcasting
 + Level 4.7 Conjurations


You had 10 spell levels left.
You knew the following spells:

 Your Spells              Type           Power      Damage    Failure   Level
a - Magic Dart            Conj           96%        1d7       1%          1
b - Searing Ray           Conj           48%        2d6       2%          2

Your spell library contained the following spells:

 Spells                   Type           Power      Damage    Failure   Level
 Dazzling Flash           Conj/Hex       28%        N/A       13%         3
 Frozen Ramparts          Ice            8%         1d2       34%         3
 Fulminant Prism          Conj/Hex       7%         3d7       38%         4
 Iskenderun's Mystic Bla  Conj/Tloc      14%        2d5       38%         4
 Ice Form                 Ice/Tmut       5%         N/A       73%         4
 Summon Ice Beast         Ice/Summ       4%         N/A       75%         4


Dungeon Overview and Level Annotations

Branches:
Dungeon (4/15)
 Temple: D:4-7

Altars:
Ashenzari
Xom

Annotations:
D:2 1 runed translucent door, Crazy Yiuf


Innate Abilities, Weirdness & Mutations

You are small and have problems with some larger weapons.
You are completely attuned to the shadows.


Message History

The dart slug is moderately wounded.
The magic dart hits the dart slug.
The dart slug is severely wounded.
The dart slug launches a dart at you. The slug dart misses you.
The magic dart hits the dart slug!
You kill the dart slug!
An iguana comes into view.
The magic dart hits the iguana but does no damage.
Casting: Magic Dart (safe; 1% risk of failure)
Confirm with . or Enter, or press ? or * to list all spells.
Aiming: Searing Ray (safe; 2% risk of failure)
Press: ? - help, Shift-Dir - straight line, f/p - iguana
Aim: an iguana (82% to hit)
The searing ray hits the iguana!
The iguana is heavily wounded. (Press . to maintain the ray.) Unknown command.
The searing ray misses the iguana.
The searing ray hits the iguana.
The iguana is severely wounded.
The iguana bites you.
The searing ray hits the iguana.
The iguana is severely wounded.
You finish channelling your searing ray.
The iguana bites you!
Casting: Searing Ray (safe; 2% risk of failure)
Confirm with . or Enter, or press ? or * to list all spells.
Aiming: Magic Dart (safe; 1% risk of failure)
Press: ? - help, Shift-Dir - straight line, f/p - iguana
Aim: an iguana (severely wounded, 100% to hit)
The magic dart hits the iguana.
The iguana is almost dead.
The iguana bites you.
* * * LOW HITPOINT WARNING * * *
You see here a +0 chain mail.
You see here a scroll of immolation.
The iguana hisses menacingly.
The iguana bites you!
You die...

* ** #...... #### #......#
...######## #......#
##....?...##########<.....#
#########......l@..(..>...#
## ###.########..<...# .#
#...# #......# * .# ##++# *
#....... .#* #....... ..#
##.####. #.# * , , +, ,*
*,, , *.# , , ,, , , , ,
,,, * * ≈ * * * * ,


You could see an iguana.

Vanquished Creatures
  Jessica (D:3)
  Terence (D:2)
  Robin (D:3)
  An adder (D:1)
  3 worms
  3 dart slugs
  An orc (D:3)
  7 endoplasms
  A giant cockroach (D:2)
  12 goblins
  6 hobgoblins
  2 jackals (D:3)
  5 kobolds
  2 quokkas
  3 ball pythons
  7 bats
  6 frilled lizards
  6 rats
68 creatures vanquished.

Notes
Turn   | Place    | Note
-------+----------+-------------------------------------------
     0 | D:1      | RatsInWalls the Kobold Conjurer began the quest for the
                  | Orb.
     0 | D:1      | Reached XP level 1. HP: 10/10 MP: 3/3
   512 | D:1      | Reached XP level 2. HP: 15/15 MP: 3/5
  1062 | D:1      | Reached XP level 3. HP: 20/20 MP: 4/6
  1106 | D:1      | Found a faded altar of an unknown god.
  1116 | D:1      | Prayed at the altar of an unknown god.
  1116 | D:1      | Became a worshipper of Ashenzari the Shackled
  1346 | D:1      | Reached * piety under Ashenzari
  1631 | D:1      | Learned a level 2 spell: Searing Ray
  1963 | D:2      | Reached skill level 1 in Fighting
  1995 | D:2      | Identified the +8 mace of Defiance {chaos, Int+3}
  2293 | D:2      | Noticed Terence
  2356 | D:2      | Killed Terence
  2357 | D:2      | Reached XP level 4. HP: 9/25 MP: 1/8
  2727 | D:2      | Reached ** piety under Ashenzari
  2865 | D:2      | Found a runed translucent door.
  2868 | D:2      | Noticed Crazy Yiuf
  3215 | D:3      | Noticed Jessica
  3223 | D:3      | Killed Jessica
  3224 | D:3      | Reached XP level 5. HP: 26/30 MP: 4/11
  3353 | D:3      | Found a shimmering altar of Xom.
  3373 | D:3      | Noticed Robin
  3593 | D:3      | Killed Robin
  4129 | D:4      | Slain by an iguana

Illustrated notes

Levels and vault maps discovered:
D:1:      heliophobic_arrival_glass_houses, layout_basic,
          ebering_ecumenical_altar_petrified
D:2:      layout_loops_ring, uniq_terence, uniq_crazy_yiuf_cottage
D:3:      layout_rooms, xom_teletrap_fun, uniq_robin, uniq_jessica
D:4:      due_chaos_kobolds, layout_rooms, kennysheep_generic_room_15,
          uniq_sigmund

Skill      XL: |  1  2  3  4 |
---------------+-------------+-----
Stealth        | 3 |  3.9
Fighting       | 1 |  1.7
Dodging        | 3 |  3.4
Spellcasting   | 3 |  3.4
Conjurations   | |  4.7

Action                   |  1- 3 |  4- 6 || total
-------------------------+-------+-------++-------
 Cast: Magic Dart        |    64 |    56 ||   120
       Searing Ray       |     3 |     7 ||    10
Invok: Curse Item        |     1 |     1 ||     2
Armor: Robe              |     2 |       ||     2
Dodge: Dodged            |    20 |     5 ||    25
